 Dungeon Crawl Stone Soup version 0.20.0-15-g7f486f2 (webtiles) character file.

3511 mike2R the Grappler (level 9, -1/120 HPs)
             Began as a Troll Transmuter on June 12, 2017.
             Was an Initiate of Ashenzari.
             Succumbed to an orange demon's poison
             ... in a bailey on June 13, 2017.
             The game lasted 00:57:00 (6635 turns).

mike2R the Grappler (Troll Transmuter)              Turns: 6635, Time: 00:57:01

Health: -1/120     AC:  5    Str: 25    XL:     9   Next: 81%
Magic:  1/9        EV: 10    Int: 11    God:    Ashenzari [......]
Gold:   376        SH:  0    Dex: 11    Spells: 4/10 levels left

rFire    . . .     SeeInvis .     - Unarmed
rCold    . . .     Gourm    +   (no shield)
rNeg     . . .     Faith    .   y - +0 animal skin (curse)
rPois    .         Spirit   .   (helmet restricted)
rElec    .         Reflect  .   D - scarf {repulsion} (curse)
rCorr    .         Harm     .   (gloves unavailable)
MR       .....                  (boots unavailable)
Stlth    ..........             (no amulet)
Regen    0.7/turn               (no ring)
MPRegen  0.2/turn               (no ring)

@: berserking, lethally poisoned (-1 -> -22), appendage, very slightly
contaminated, repel missiles, very quick
A: unfitting armour, claws 3, horns 2, fast metabolism 3, gourmand, regeneration
1, shaggy fur 1, tough skin 2
a: End Transformation, Curse Item, Renounce Religion


You were in a bailey.
You worshipped Ashenzari.
Ashenzari was noncommittal.
You were full.
You had grown temporary horns.
You visited 2 branches of the dungeon, and saw 8 of its levels.
You also visited: Bailey.

You collected 376 gold pieces.

Inventory:

Hand Weapons
 a - a +0 blowgun
 v - a +0 hunting sling
Missiles
 n - 57 bolts
 o - 177 stones (quivered)
 z - 84 arrows
 A - 39 poisoned needles
 F - 20 tomahawks
Armour
 y - a cursed +0 animal skin (worn)
 D - a cursed scarf of repulsion (worn)
Jewellery
 g - an uncursed ring of fire
Scrolls
 e - 2 scrolls of remove curse
 i - 2 scrolls of amnesia
 k - a scroll of blinking
 l - 4 scrolls of magic mapping
 q - a scroll of fog {unknown}
 r - a scroll of enchant armour {unknown}
 t - a scroll of enchant weapon {unknown}
 w - a scroll of immolation {unknown}
 J - a scroll of fear
Potions
 b - 2 potions of curing
 m - a potion of magic
 p - a potion of ambrosia {unknown}
 s - a potion of haste
 B - a potion of mutation
 C - a potion of agility
 I - a potion of flight {unknown}
Books
 c - a book of Changes

   Spells                             Type                      Level
   a - Beastly Appendage              Transmutation                1
   b - Sticks to Snakes               Transmutation                2
   c - Spider Form                    Transmutation/Poison         3
   d - Ice Form                       Ice/Transmutation            4
   e - Blade Hands                    Transmutation                5
 K - a book of Flames

   Spells                             Type                      Level
   a - Flame Tongue                   Conjuration/Fire             1
   b - Throw Flame                    Conjuration/Fire             2
   c - Conjure Flame                  Conjuration/Fire             3
   d - Inner Flame                    Hexes/Fire                   3
   e - Sticky Flame                   Conjuration/Fire             4
   f - Fireball                       Conjuration/Fire             5
Comestibles
 d - 7 bread rations
 f - 5 meat rations
 h - 5 fruits
 j - a royal jelly


   Skills:
 - Level 2.5 Fighting
 - Level 5.1 Throwing
 - Level 1.5 Dodging
 - Level 0.3 Stealth
 + Level 10.3 Unarmed Combat
 - Level 1.2 Spellcasting
 - Level 5.7 Transmutations


You had 4 spell levels left.
You knew the following spells:

 Your Spells              Type           Power        Failure   Level  Hunger
a - Beastly Appendage     Tmut           ##....       3%          1    ##.....
b - Sticks to Snakes      Tmut           ##......     4%          2    ###....
c - Spider Form           Tmut/Pois      #.........   28%         3    ####...


Dungeon Overview and Level Annotations

Branches:
Dungeon (7/15)             Temple (1/1) D:6

Altars:
Ashenzari
Cheibriados
Dithmenos
Elyvilon
Fedhas
Hepliaklqana
Okawaru
Qazlal
Ru
Sif Muna
Trog
Uskayaw
Vehumet
Xom
Yredelemnul
Zin
The Shining One


Innate Abilities, Weirdness & Mutations

You are too large for most types of armour.
You have claws for hands.
Your metabolism is lightning-fast.
You like to eat raw meat.
Your natural rate of healing is unusually fast.
You are covered in fur. (AC +1)
You have very tough skin. (AC +2)
You have a pair of horns on your head.


Message History

The orc sorcerer hits you but does no damage.
You barely miss the orc sorcerer.
The orc sorcerer is heavily wounded.
* * * LOW HITPOINT WARNING * * *
You feel sick. The orange demon stings you from afar.
* * * LOW HITPOINT WARNING * * *
You closely miss the orc sorcerer. Your claw misses the orc sorcerer.
The orc sorcerer is heavily wounded.
* * * LOW HITPOINT WARNING * * *
You feel sick.
You scratch the orc sorcerer.
The orc sorcerer is severely wounded.
* * * LOW HITPOINT WARNING * * *
You feel sick.
The orc sorcerer hits you but does no damage.
The orange demon stings you from afar!
* * * LOW HITPOINT WARNING * * *
You barely miss the orc sorcerer. Your claw misses the orc sorcerer.
The orc sorcerer is severely wounded.
You die...

#####≈≈≈≈...≈≈≈≈######
#...........#
#####'))#####
+.....'..# +.....'..#
#..⌠..#..####
#.....#.4...#
#.....#..o8.#
#######..@..# ###)8.#
.g........#
........8.#
._........+
...(...#+## #######
..% #..%


You could see an orange demon and an orc sorcerer.

Vanquished Creatures
  An orc high priest (Bailey)
  The ghost of monokles the Skirmisher, an amateur DsFi of Uskayaw (D:4)
  Grinder (D:5)
  The ghost of dvd the Chiller, an amateur FeIE (D:6)
  Edmund (D:4)
  An orc warrior (Bailey)
  2 ogres
  2 sky beasts
  2 slaves (D:5)
  A centaur (D:5)
  Blork the orc (D:5)
  A scorpion (D:7)
  An electric eel (Bailey)
  6 howler monkeys (D:7)
  3 crimson imps
  2 bullfrog skeletons
  A jelly (D:6)
  2 hounds
  4 orc wizards
  Crazy Yiuf (D:6)
  Jessica (D:2)
  7 worker ants
  A hound zombie (D:5)
  8 gnolls
  A howler monkey skeleton (D:6)
  7 adders
  A shadow imp (D:3)
  An ooze (D:2)
  4 dart slugs
  5 leopard geckos
  13 orcs
  6 giant cockroaches
  10 goblins
  12 hobgoblins
  10 jackals
  6 quokkas
  3 ball pythons
  7 bats
  4 frilled lizards
  A jackal skeleton (D:4)
  9 kobolds
  A leopard gecko skeleton (D:4)
  A leopard gecko zombie (D:5)
  7 rats
161 creatures vanquished.

Vanquished Creatures (collateral kills)
  Pikel (D:5)
  A worm (D:2)
  A goblin (D:3)
  A jackal (D:2)
  2 kobolds
6 creatures vanquished.

Vanquished Creatures (others)
  A sky beast (D:4)
1 creature vanquished.

Grand Total: 168 creatures vanquished

Notes
Turn   | Place    | Note
-------+----------+-------------------------------------------
     0 | D:1      | mike2R the Troll Transmuter began the quest for the Orb.
     0 | D:1      | Reached XP level 1. HP: 18/18 MP: 1/1
   196 | D:1      | Reached XP level 2. HP: 26/26 MP: 2/2
   203 | D:1      | Learned a level 2 spell: Sticks to Snakes
   968 | D:2      | Reached skill level 4 in Unarmed Combat
  1029 | D:2      | Reached XP level 3. HP: 29/32 MP: 0/3
  1494 | D:2      | Noticed Jessica
  1500 | D:2      | Killed Jessica
  1500 | D:2      | Reached XP level 4. HP: 40/40 MP: 0/4
  1789 | D:3      | Noticed an air elemental
  1791 | D:3      | Found a stormy altar of Qazlal.
  1792 | D:3      | Noticed a fire elemental
  1792 | D:3      | Noticed a water elemental
  1792 | D:3      | Noticed an earth elemental
  2044 | D:3      | Found a blossoming altar of Fedhas.
  2062 | D:3      | Reached skill level 5 in Unarmed Combat
  2062 | D:3      | Reached XP level 5. HP: 44/46 MP: 3/5
  2077 | D:3      | Reached skill level 1 in Fighting
  2724 | D:4      | Noticed Edmund
  2770 | D:4      | Killed Edmund
  2770 | D:4      | Reached XP level 6. HP: 43/59 MP: 0/6
  2898 | D:4      | Noticed monokles's ghost (amateur DsFi)
  2914 | D:4      | Killed monokles's ghost
  2914 | D:4      | Reached XP level 7. HP: 50/66 MP: 2/7
  3398 | D:4      | Reached skill level 5 in Throwing
  3465 | D:3      | Found a bloodstained altar of Trog.
  3468 | D:3      | Found a shimmering altar of Xom.
  3541 | D:5      | Entered Level 5 of the Dungeon
  3595 | D:5      | Noticed Grinder
  3615 | D:5      | Killed Grinder
  3775 | D:5      | Reached skill level 6 in Unarmed Combat
  3787 | D:5      | Reached XP level 8. HP: 73/74 MP: 4/8
  3976 | D:5      | Noticed Pikel
  4026 | D:5      | Killed Pikel
  4026 | D:5      | Reached skill level 7 in Unarmed Combat
  4196 | D:5      | Found a basalt altar of Yredelemnul.
  4235 | D:5      | Reached skill level 8 in Unarmed Combat
  4283 | D:5      | Learned a level 3 spell: Spider Form
  4301 | D:5      | Noticed Blork the orc
  4317 | D:5      | Killed Blork the orc
  4860 | D:6      | Found a shadowy altar of Dithmenos.
  4887 | D:6      | Found a runed door.
  4902 | D:6      | Noticed Crazy Yiuf
  4908 | D:6      | Killed Crazy Yiuf
  5164 | D:6      | Reached XP level 9. HP: 80/80 MP: 7/9
  5171 | D:6      | Reached skill level 5 in Transmutations
  5183 | D:6      | Noticed dvd's ghost (amateur FeIE)
  5355 | D:6      | Killed dvd's ghost
  5404 | D:6      | Found a staircase to the Ecumenical Temple.
  5549 | Temple   | Entered the Ecumenical Temple
  5745 | Temple   | Became a worshipper of Ashenzari the Shackled
  5937 | D:6      | Found a sacrificial altar of Ru.
  6327 | D:7      | Found a flagged portal.
  6336 | Bailey   | Entered a bailey
  6393 | Bailey   | Reached skill level 9 in Unarmed Combat
  6555 | Bailey   | Noticed an orc high priest
  6563 | Bailey   | Found an iron altar of Okawaru.
  6590 | Bailey   | Noticed a red devil
  6590 | Bailey   | Noticed an orange demon
  6596 | Bailey   | Noticed a red devil
  6596 | Bailey   | Noticed a red devil
  6599 | Bailey   | Killed an orc high priest
  6599 | Bailey   | Reached skill level 10 in Unarmed Combat
  6619 | Bailey   | Noticed an orc sorcerer
  6623 | Bailey   | Noticed an orange demon
  6634 | Bailey   | HP: 1/120 [orange demon[an orc sorcerer] (13)]
  6635 | Bailey   | Succumbed to an orange demon's poison

Skill      XL: |  1  2  3  4  5  6  7  8  9 |
---------------+----------------------------+-----
Unarmed Combat | 4 5 6 8 10 | 10.3
Transmutations | 2 4 5 |  5.7
Fighting       | 2 |  2.5
Throwing       | 2 4 5 |  5.1
Dodging        | |  1.5
Stealth        | |  0.3
Spellcasting   | |  1.2

Action                   |  1- 3 |  4- 6 |  7- 9 || total
-------------------------+-------+-------+-------++-------
Melee: Unarmed           |    85 |    99 |   252 ||   436
       Kick              |     5 |     7 |    17 ||    29
       Headbutt          |     4 |     4 |    20 ||    28
       Punch             |     1 |     3 |     6 ||    10
 Fire: Blowgun           |       |    37 |   102 ||   139
Throw: Stone             |     2 |     5 |     2 ||     9
 Cast: Beastly Appendage |    17 |    21 |    44 ||    82
       Sticks to Snakes  |     4 |     8 |    24 ||    36
Invok: Curse Item        |       |       |     2 ||     2
  Use: Scroll            |       |     3 |    11 ||    14
       Potion            |       |     2 |     5 ||     7
 Stab: Sleeping          |       |     2 |       ||     2
       Distracted        |       |     1 |     3 ||     4
  Eat: Chunk             |    21 |    14 |    36 ||    71
Armor: Robe              |    21 |    40 |    31 ||    92
       Animal skin       |       |       |    38 ||    38
       Skin              |       |       |     9 ||     9
Dodge: Dodged            |    34 |    46 |   103 ||   183
       Deflected         |       |       |    10 ||    10
